 Dungeon Crawl Stone Soup version 0.23.1 (webtiles) character file.

Game seed: 2920143020055823124

105 nikopol the Shooter (level 4, -10/37 HPs)
             Began as a Centaur Hunter on Mar 2, 2019.
             Mangled by an orc warrior
             ... wielding a +0 halberd
              (12 damage)
             ... on level 3 of the Dungeon.
             The game lasted 00:07:08 (2494 turns).

nikopol the Shooter (Centaur Hunter)                Turns: 2494, Time: 00:07:09

Health: -10/37     AC:  4    Str: 15    XL:     4   Next: 54%
Magic:  4/4        EV:  9    Int: 10    God:
Gold:   148        SH:  0    Dex: 10    Spells: 3/3 levels left

rFire    . . .     SeeInvis .   o - +1 dagger (drain)
rCold    . . .     Gourm    .   (no shield)
rNeg     . . .     Faith    .   c - +0 leather armour
rPois    .         Spirit   .   (no helmet)
rElec    .         Reflect  .   (no cloak)
rCorr    .         Harm     .   (no gloves)
MR       .....                  (no barding)
Stlth    +.........             (no amulet)
HPRegen  0.12/turn              (no ring)
MPRegen  0.09/turn              (no ring)

@: very quick
A: large, hooves 3, deformed body, speed 2, tough skin 3
a: no special abilities


You were on level 3 of the Dungeon.
You were very hungry.

You visited 1 branch of the dungeon, and saw 3 of its levels.

You collected 148 gold pieces.

Inventory:

Hand Weapons
 a - a +1 shortbow
 b - a +0 short sword
 o - a +1 dagger of draining (weapon)
Missiles
 d - an arrow
 p - 5 sling bullets
Armour
 c - a +0 leather armour (worn)
Jewellery
 t - an uncursed ring of fire {unknown}
Wands
 u - a wand of disintegration (8)
Scrolls
 e - a scroll of identify
 g - a scroll of remove curse
 h - a scroll of random uselessness {unknown}
 i - 3 scrolls of amnesia
 j - 2 scrolls of fear {unknown}
 l - a scroll of blinking {unknown}
 s - a scroll of immolation {unknown}
 v - a scroll of fog {unknown}
Potions
 k - a potion of agility {unknown}
 m - 5 potions of curing
 n - a potion of magic {unknown}
 q - 2 potions of heal wounds {unknown}
 r - 2 potions of lignification {unknown}
Comestibles
 f - 5 rations


   Skills:
 + Level 2.7 Fighting
 + Level 0.1 Short Blades
 + Level 7.3 Bows
 + Level 0.2 Armour
 + Level 1.5 Dodging
 + Level 0.5 Stealth


You had 3 spell levels left.
You didn't know any spells.
Your spell library was empty.

Dungeon Overview and Level Annotations

Branches:
Dungeon (3/15)

Altars:

Annotations:
D:3 Jessica


Innate Abilities, Weirdness & Mutations

You have hooves in place of feet.
Armour fits poorly on your strangely shaped body.
You cover ground very quickly.
You have extremely tough skin. (AC +3)


Message History

The orc warrior hits you with a +0 halberd.
You hit the orc warrior but do no damage.
Your kick misses the orc warrior.
The orc warrior is moderately wounded.
The orc warrior closely misses you.
You closely miss the orc warrior. You kick the orc warrior.
The orc warrior is heavily wounded.
The orc warrior hits you with a +0 halberd!
* * * LOW HITPOINT WARNING * * *
You closely miss the orc warrior.
The orc warrior is heavily wounded.
You hit the orc warrior but do no damage.
Your kick misses the orc warrior.
The orc warrior is heavily wounded.
The orc warrior barely misses you.
You hit the orc warrior but do no damage.
You drain the orc warrior.
The orc warrior is severely wounded.
The orc warrior hits you with a +0 halberd!
You die...

#........)......#
####...†.....##.#
#.#.#.....#
#.#..........
#)########### #.#
#g# #o# #@#####
#<....# #######


You could see an orc warrior and a goblin.

Vanquished Creatures
  A worker ant (D:2)
  An ooze (D:2)
  2 worms (D:2)
  2 dart slugs (D:1)
  A leopard gecko (D:1)
  3 orcs
  A giant cockroach (D:1)
  12 hobgoblins
  3 jackals (D:1)
  9 kobolds
  A ball python (D:1)
  8 bats
  2 frilled lizards (D:1)
  10 goblins
  6 rats
62 creatures vanquished.

Notes
Turn   | Place    | Note
-------+----------+-------------------------------------------
     0 | D:1      | nikopol the Centaur Hunter began the quest for the Orb.
     0 | D:1      | Reached XP level 1. HP: 17/17 MP: 1/1
   111 | D:1      | Reached XP level 2. HP: 24/24 MP: 2/2
   158 | D:1      | Reached skill level 6 in Bows
   312 | D:1      | Reached XP level 3. HP: 29/29 MP: 3/3
  1565 | D:2      | Reached skill level 7 in Bows
  1603 | D:2      | Reached XP level 4. HP: 32/37 MP: 4/4
  2035 | D:2      | Found a faded altar of an unknown god.
  2065 | D:3      | Noticed Jessica
  2310 | D:3      | Noticed an orc warrior
  2491 | D:3      | HP: 1/37 [orc warrior/+0 halberd (17)]
  2494 | D:3      | Mangled by an orc warrior

Skill      XL: |  1  2  3 |
---------------+----------+-----
Bows           | 6 7 |  7.3
Fighting       | |  2.7
Short Blades   | |  0.1
Armour         | |  0.2
Dodging        | |  1.5
Stealth        | |  0.5

Action                   |  1- 3 |  4- 6 || total
-------------------------+-------+-------++-------
Melee: Club              |    10 |     4 ||    14
       Kick              |     5 |     8 ||    13
       Dagger            |       |    53 ||    53
 Fire: Shortbow          |    92 |       ||    92
       Hunting sling     |     4 |       ||     4
  Use: Scroll            |     3 |     1 ||     4
  Eat: Chunk             |       |     2 ||     2
Armor: Leather armour    |     6 |    14 ||    20
Dodge: Dodged            |    21 |    36 ||    57
